[Event "Titled Tuesday Blitz January 03 Early 2023"]
[White "Putnam, Liam"]
[Black "Al-Tarboush, Ward"]
[WhiteFideId "30938279"]
[BlackFideId "7601450"]
[WhiteElo "2285"]
[BlackElo "2256"]
[Result "0-1"]
[Round "05"]
[TimeControl "180+2"]
[Date "2023.01.03"]
[WhiteClock "0:00:04"]
[BlackClock "0:00:12"]

1. Nf3 Nf6 2. c4 g6 3. Nc3 c5 4. d4 cxd4 5. Nxd4 d5 6. cxd5 Nxd5 7. Ndb5 Nxc3 8. Qxd8+ Kxd8 9. Nxc3 Nc6 10. Bf4 e5 11. Bg5+ Be7 12. O-O-O+ Ke8 13. Bxe7 Nxe7 14. Nb5 Kf8 15. e3 Be6 16. Kb1 Rc8 17. Nxa7 Ra8 18. Nb5 Bxa2+ 19. Kc1 Bb3 20. Rd7 Ra1+ 21. Kd2 Rd1+ 22. Kc3 Rxd7 23. Kxb3 Kg7 24. Bc4 Nc6 25. Kc2 Rhd8 26. Kb1 Rd1+ 27. Rxd1 Rxd1+ 28. Kc2 Rg1 29. Nd6 Rxg2 30. Nxb7 Rxf2+ 31. Kc3 Rxh2 32. Bd5 Ne7 33. Bc4 h5 34. Nd8 f5 35. b4 Rh1 36. b5 Rc1+ 37. Kb4 Nc8 38. Nc6 Kf6 39. Bd5 e4 40. Na5 h4 41. Nb3 Re1 42. Bb7 Nd6 43. Bd5 h3 44. b6 h2 45. Kc5 Ke7 46. Nd4 Rc1+ 47. Kb4 h1=Q 48. Nc6+ Rxc6 49. Bxc6 Qe1+ 50. Ka4 Qa1+ 51. Kb4 Qb2+ 52. Kc5 Qc3+ 53. Kd5 Qc4+ 54. Ke5 Qxc6 55. Kf4 Qxb6 56. Ke5 Nc4+ 57. Kd5 Nxe3+ 58. Ke5 Qd6# 0-1


[Site "https://www.chess.com"]

[Event "Titled Tuesday Blitz January 03 Early 2023"]
[White "Khamdamova, Afruza"]
[Black "Kilic, Eray"]
[WhiteFideId "14210444"]
[BlackFideId "44517173"]
[WhiteElo "2162"]
[BlackElo "2414"]
[Result "0-1"]
[Round "05"]
[TimeControl "180+2"]
[Date "2023.01.03"]
[WhiteClock "0:00:04"]
[BlackClock "0:00:46"]

1. e4 c5 2. Nf3 d6 3. d4 cxd4 4. Nxd4 Nf6 5. Nc3 a6 6. Bg5 e6 7. f4 Be7 8. Qf3 Nbd7 9. O-O-O Qc7 10. g4 h6 11. Bxf6 Bxf6 12. h4 Nb6 13. g5 Bxd4 14. Rxd4 Qc5 15. Rd1 Bd7 16. Bh3 Nc4 17. Ne2 Rc8 18. Nd4 hxg5 19. hxg5 Qb6 20. Qb3 Ke7 21. f5 Qxb3 22. axb3 Ne5 23. Ne2 Rh4 24. f6+ gxf6 25. gxf6+ Kxf6 26. Rxd6 Ke7 27. Rdd1 Rxe4 28. Nc3 Rh4 29. Rhe1 f6 30. Bg2 Bc6 31. Bxc6 Rxc6 32. Ne4 Rh2 33. Rd2 Rxd2 0-1


[Site "https://www.chess.com"]

[Event "Titled Tuesday Blitz January 03 Early 2023"]
[White "Vysochin, Spartak"]
[Black "Bacrot, Etienne"]
[WhiteFideId "14103516"]
[BlackFideId "605506"]
[WhiteElo "2512"]
[BlackElo "2667"]
[Result "0-1"]
[Round "05"]
[TimeControl "180+2"]
[Date "2023.01.03"]
[WhiteClock "0:00:18"]
[BlackClock "0:00:44"]

1. e4 c5 2. c3 Nf6 3. e5 Nd5 4. d4 cxd4 5. cxd4 d6 6. Bc4 Nb6 7. Bb3 dxe5 8. Qh5 e6 9. dxe5 Nc6 10. Nc3 g6 11. Qe2 Bg7 12. Nf3 Nd4 13. Nxd4 Qxd4 14. O-O Qxe5 15. Qf3 O-O 16. Bf4 Qf5 17. g4 Qa5 18. Bd6 Rd8 19. Rfd1 Bd7 20. Ne4 Bc6 21. Nf6+ Kh8 22. Qf4 g5 23. Qe5 Qxe5 24. Bxe5 Nd7 25. Nxd7 Rxd7 26. Rxd7 Bxd7 27. Rd1 Bc6 28. Bxg7+ Kxg7 29. Kf1 h5 30. h3 Rh8 31. Ke2 Kf6 32. Bc2 hxg4 33. hxg4 Rh3 34. Rd3 Bb5 0-1


[Site "https://www.chess.com"]

[Event "Titled Tuesday Blitz January 03 Early 2023"]
[White "Zemlyanskii, Ivan"]
[Black "Yeritsyan, Hayk"]
[WhiteFideId "24249971"]
[BlackFideId "13307320"]
[WhiteElo "2300"]
[BlackElo "2241"]
[Result "1-0"]
[Round "05"]
[TimeControl "180+2"]
[Date "2023.01.03"]
[WhiteClock "0:00:08"]
[BlackClock "0:00:03"]

1. d4 Nf6 2. c4 e6 3. Nf3 d5 4. e3 c5 5. cxd5 Nxd5 6. Bb5+ Nc6 7. O-O cxd4 8. Nxd4 Bd7 9. Nxc6 bxc6 10. Be2 Be7 11. Nd2 O-O 12. Nc4 Rb8 13. e4 Nb6 14. Ne5 Bf6 15. Bf4 Rc8 16. Qc2 Qe7 17. Rfd1 Rfd8 18. Ng4 e5 19. Nxf6+ Qxf6 20. Be3 Be6 21. b3 Qg6 22. f3 h5 23. Qc3 Re8 24. Rd6 Nd7 25. Rad1 Nf6 26. Bf2 c5 27. Bb5 Rf8 28. Qxe5 c4 29. bxc4 Bxc4 30. Bxc4 Rxc4 31. R6d2 Re8 32. Qg3 Qh6 33. Bxa7 Rc1 34. Qf2 Rec8 35. Be3 Qg6 36. Qe1 R1c3 37. Rd8+ Kh7 38. Rxc8 Rxc8 39. Qe2 h4 40. h3 Nh5 41. Qe1 Qf6 42. Bf2 g5 43. a4 Nf4 44. a5 Rc2 45. Rd2 Rc4 46. Rd1 Ra4 47. Rb1 Ra2 48. Rb6 Qe5 49. Rb1 Ra4 50. Be3 Ra2 51. Bxf4 Qxf4 52. Ra1 Rb2 53. a6 Qc7 54. a7 Qc2 55. Qf1 Qc5+ 56. Kh1 Rf2 57. a8=Q Rxf1+ 58. Rxf1 Qe5 59. Qa1 Qf4 60. Qc1 Qf6 61. f4 g4 62. hxg4 Qd4 63. Qe1 Kg6 64. g5 h3 65. f5+ Kh5 66. Qe2+ Kh4 67. Qf2+ Qxf2 68. Rxf2 hxg2+ 69. Kxg2 Kxg5 70. Kf3 Kf6 71. Ke3 1-0


[Site "https://www.chess.com"]

[Event "Titled Tuesday Blitz January 03 Early 2023"]
[White "Indjic, Aleksandar"]
[Black "Goncalves, Davi Sulzbacher"]
[WhiteFideId "911925"]
[BlackFideId "2154510"]
[WhiteElo "2618"]
[BlackElo "2282"]
[Result "1-0"]
[Round "05"]
[TimeControl "180+2"]
[Date "2023.01.03"]
[WhiteClock "0:01:35"]
[BlackClock "0:00:09"]

1. e4 c5 2. Nf3 Nc6 3. Bb5 g6 4. O-O Bg7 5. c3 e5 6. d4 cxd4 7. cxd4 exd4 8. Bf4 Nge7 9. Bd6 O-O 10. Nbd2 a6 11. Bd3 b5 12. a4 Bb7 13. e5 Re8 14. axb5 axb5 15. Rxa8 Qxa8 16. Re1 Nc8 17. Ne4 Nxe5 18. Bxe5 Bxe5 19. Nxe5 Rxe5 20. Nf6+ Kg7 21. Ne8+ Rxe8 22. Rxe8 Bxg2 23. Rxc8 Qxc8 24. Kxg2 Qc5 25. h4 h6 26. Qf3 b4 27. b3 Qc3 28. Bc4 Qxf3+ 29. Kxf3 g5 30. hxg5 h5 31. Kg3 f6 32. f4 Kg6 33. Kh4 Kf5 34. Bd3+ 1-0


[Site "https://www.chess.com"]

[Event "Titled Tuesday Blitz January 03 Early 2023"]
[White "Krivonosov, Oleg"]
[Black "Sourath Biswas"]
[WhiteFideId "11600349"]
[BlackFideId "35091484"]
[WhiteElo "2359"]
[BlackElo "2281"]
[Result "1/2-1/2"]
[Round "05"]
[TimeControl "180+2"]
[Date "2023.01.03"]
[WhiteClock "0:01:27"]
[BlackClock "0:00:10"]

1. Nf3 Nf6 2. c4 g6 3. Nc3 Bg7 4. e4 O-O 5. d4 d6 6. Be2 e5 7. dxe5 dxe5 8. Qxd8 Rxd8 9. Bg5 Re8 10. Nd5 Nxd5 11. cxd5 c6 12. Bc4 Nd7 13. dxc6 bxc6 14. O-O Nb6 15. Bb3 c5 16. Nd2 Be6 17. Bxe6 Rxe6 18. Rfc1 Bf8 19. Be3 Rd8 20. Nc4 f5 21. f3 Rd3 22. Bf2 fxe4 23. fxe4 Be7 24. b3 h5 25. Rd1 Rxd1+ 26. Rxd1 Nxc4 27. bxc4 Ra6 28. Rd5 Rxa2 29. Bxc5 Bxc5+ 30. Rxc5 Rc2 31. h4 Kf7 32. Kh2 Ke6 33. Kg3 a5 34. Rxa5 Rxc4 35. Ra6+ Kf7 36. Kf3 Rc3+ 37. Kf2 Kg7 38. Re6 Rc5 39. Ke3 Kf7 40. Rd6 Rc3+ 41. Rd3 Rc2 42. g3 Rg2 43. Kf3 Rc2 44. Rb3 Kf6 45. Rb6+ Kf7 46. Rb5 Kf6 47. Rb3 Kf7 48. Rd3 Rc4 49. Ra3 Kf6 50. Ke3 Kf7 51. Ra5 Kf6 52. Rd5 Rc3+ 53. Rd3 Rc2 54. Kf3 Rc4 55. Re3 Rc2 56. g4 hxg4+ 57. Kxg4 Rg2+ 58. Rg3 Rxg3+ 59. Kxg3 Kg7 60. Kh3 Kh7 61. Kg3 Kg7 62. Kf3 Kh7 63. Kg3 Kg7 1/2-1/2


[Site "https://www.chess.com"]

[Event "Titled Tuesday Blitz January 03 Early 2023"]
[White "De La Colina, Nicolas"]
[Black "Borges Feria, Yasel"]
[WhiteFideId "30946921"]
[BlackFideId "3504921"]
[WhiteElo "2244"]
[BlackElo "2439"]
[Result "0-1"]
[Round "05"]
[TimeControl "180+2"]
[Date "2023.01.03"]
[WhiteClock "0:00:03"]
[BlackClock "0:00:20"]

1. e4 e5 2. Nf3 Nc6 3. Bc4 Bc5 4. O-O Nf6 5. d4 Bxd4 6. Nxd4 Nxd4 7. f4 d6 8. fxe5 dxe5 9. Bg5 Qe7 10. Na3 Be6 11. c3 Nc6 12. Rf2 h6 13. Bxf6 gxf6 14. Qe2 O-O-O 15. Raf1 f5 16. Bxe6+ Qxe6 17. Rxf5 Qxa2 18. Rxf7 Kb8 19. Kh1 a6 20. R7f6 h5 21. Nc4 Qa4 22. b4 Qb5 23. R6f2 h4 24. h3 Rhg8 25. Ne3 Qxe2 26. Rxe2 Rd3 27. Nd5 Na7 28. Re3 Rd2 29. Rg1 Nb5 30. Nf6 Rg6 31. Ng4 Re6 32. Rf1 Rc2 33. Rff3 Nd6 34. Kh2 Nc4 35. Rd3 Nd2 36. Rf8+ Ka7 37. Re3 Rc1 38. Rd3 Nf1+ 39. Rxf1 Rxf1 40. Rd5 Re1 41. Nxe5 Rxe4 42. Nf3 Rc6 43. Rd3 b6 44. Rd2 Rxc3 45. Rd7 Kb7 46. Rh7 0-1


[Site "https://www.chess.com"]

[Event "Titled Tuesday Blitz January 03 Early 2023"]
[White "Sharifov, Mekhriddin"]
[Black "Preotu, Razvan"]
[WhiteFideId "14701545"]
[BlackFideId "2613280"]
[WhiteElo "2209"]
[BlackElo "2475"]
[Result "0-1"]
[Round "05"]
[TimeControl "180+2"]
[Date "2023.01.03"]
[WhiteClock "0:01:46"]
[BlackClock "0:01:52"]

1. e4 c5 2. Nf3 d6 3. d4 cxd4 4. Nxd4 Nf6 5. Nc3 a6 6. Bg5 e6 7. f4 Be7 8. Qf3 Qc7 9. O-O-O Nbd7 10. g4 b5 11. Bxf6 Nxf6 12. g5 Nd7 13. f5 O-O 14. Qh5 b4 15. Rd3 bxc3 16. Rxc3 Qb6 17. Rh3 Bxg5+ 18. Qxg5 Qxd4 19. Rg1 Rb8 20. c3 Qf6 21. Qh5 h6 22. Bc4 Ne5 23. Bb3 exf5 24. Rhg3 f4 25. R3g2 f3 26. Rf2 Nd3+ 0-1


[Site "https://www.chess.com"]

[Event "Titled Tuesday Blitz January 03 Early 2023"]
[White "Goryachkina, Aleksandra"]
[Black "Aaditya Dhingra"]
[WhiteFideId "4147103"]
[BlackFideId "25678191"]
[WhiteElo "2571"]
[BlackElo "2027"]
[Result "1-0"]
[Round "05"]
[TimeControl "180+2"]
[Date "2023.01.03"]
[WhiteClock "0:00:15"]
[BlackClock "0:00:11"]

1. e4 c6 2. d4 d5 3. e5 Bf5 4. Nd2 e6 5. Nb3 Nd7 6. Nf3 h6 7. Be2 Ne7 8. O-O g5 9. Ne1 Bg7 10. Bd2 Bh7 11. Bd3 Ng6 12. Bb4 Bf8 13. Bxf8 Kxf8 14. c3 Kg7 15. g3 h5 16. f4 gxf4 17. gxf4 Nh4 18. Kh1 Kh6 19. Bxh7 Rxh7 20. f5 Nxf5 21. Rg1 Rg7 22. Qd2+ Kh7 23. Nf3 Qe7 24. Rxg7+ Nxg7 25. Rg1 Nf8 26. Ng5+ Kg8 27. Nc5 Ng6 28. Qc2 b6 29. Nd3 c5 30. Qg2 cxd4 31. cxd4 Rc8 32. Nh3 Nf5 33. Nhf4 Nh4 34. Qe2 Rc4 35. Nxg6 fxg6 36. Nf4 Qf7 37. Qf2 Rxd4 38. Qxd4 Nf3 39. Qe3 Nxg1 40. Kxg1 g5 41. Ne2 Qg6 42. Nc3 g4 43. Qf4 h4 44. a3 Kh7 45. Ne2 Kg7 46. Kf2 Qh5 47. Ke3 Qg6 48. Nd4 g3 49. hxg3 hxg3 50. Ne2 g2 51. Kf2 Kh7 52. Qh4+ Kg7 53. Qg3 Qxg3+ 54. Nxg3 Kg6 55. Kxg2 Kg5 56. Kf3 b5 57. Ke3 Kg4 58. Ne2 Kf5 59. Kd4 a6 60. b4 Kg4 61. Nc1 Kf4 62. Nd3+ Kf5 63. Nc5 1-0


[Site "https://www.chess.com"]

[Event "Titled Tuesday Blitz January 03 Early 2023"]
[White "Harshavardhan G B"]
[Black "Maksimenko, Viktor"]
[WhiteFideId "25059009"]
[BlackFideId "13710478"]
[WhiteElo "2408"]
[BlackElo "2196"]
[Result "1-0"]
[Round "05"]
[TimeControl "180+2"]
[Date "2023.01.03"]
[WhiteClock "0:00:16"]
[BlackClock "0:00:06"]

1. Nf3 Nf6 2. c4 e6 3. Nc3 d5 4. d4 c5 5. cxd5 cxd4 6. Qa4+ Bd7 7. Qxd4 exd5 8. Nxd5 Qa5+ 9. Nc3 Nc6 10. Qd1 Bb4 11. Bd2 Rd8 12. a3 Be7 13. e3 Bg4 14. Be2 Bxf3 15. Bxf3 Ne5 16. Be2 O-O 17. O-O Qb6 18. Qc2 Bd6 19. h3 Bb8 20. Rfd1 Qc7 21. Rac1 Rfe8 22. Qf5 Nc4 23. Bxc4 Qxc4 24. Be1 h6 25. g3 Qb3 26. Qc2 Qe6 27. Kg2 Qc6+ 28. Kg1 Qe6 29. Kh2 h5 30. Rxd8 Rxd8 31. Rd1 Rc8 32. h4 Ng4+ 33. Kg1 a6 34. Qe4 Qb3 35. Qf5 Re8 36. Qxh5 Nf6 37. Qe2 Ba7 38. Kg2 b5 39. Rd6 Bb8 40. Rxa6 b4 41. Rb6 Nd5 42. Nxd5 Qxd5+ 43. Qf3 Qa2 44. Rxb4 Ba7 45. Bc3 Qb1 46. Rg4 1-0


[Site "https://www.chess.com"]

[Event "Titled Tuesday Blitz January 03 Early 2023"]
[White "Rakhmatullaev, Almas"]
[Black "Christie, Joshua"]
[WhiteFideId "14205793"]
[BlackFideId "7402074"]
[WhiteElo "2275"]
[BlackElo "2294"]
[Result "1/2-1/2"]
[Round "05"]
[TimeControl "180+2"]
[Date "2023.01.03"]
[WhiteClock "0:00:03"]
[BlackClock "0:00:04"]

1. e4 e6 2. d4 d5 3. Nc3 Bb4 4. Ne2 dxe4 5. a3 Bxc3+ 6. Nxc3 Nc6 7. d5 exd5 8. Qxd5 Be6 9. Qxe4 Nf6 10. Qa4 O-O 11. Be3 Ng4 12. Qf4 Nxe3 13. fxe3 Qe7 14. Bd3 Rad8 15. O-O-O f6 16. Qe4 g6 17. g4 Ne5 18. h3 c6 19. Be2 Kg7 20. h4 Rxd1+ 21. Rxd1 Rd8 22. Rd4 Nf7 23. Bc4 Rxd4 24. exd4 Nd8 25. d5 cxd5 26. Bxd5 b6 27. b4 Qd6 28. g5 Bf7 29. Qd4 Qe5 30. Qxe5 fxe5 31. Kd2 h6 32. Ke3 hxg5 33. hxg5 Bxd5 34. Nxd5 Ne6 35. Ke4 Nxg5+ 36. Kxe5 Nf3+ 37. Ke4 Ng5+ 38. Kf4 Nf7 39. c4 Kf8 40. Nc7 Ke7 41. Nb5 a5 42. c5 bxc5 43. bxa5 Kd7 44. a6 Kc6 45. a7 Kb7 46. Ke4 g5 47. a4 g4 48. a5 g3 49. Kf3 c4 50. Kxg3 c3 51. Nxc3 Kxa7 52. Kf3 Ka6 53. Ke4 Kxa5 1/2-1/2


[Site "https://www.chess.com"]

[Event "Titled Tuesday Blitz January 03 Early 2023"]
[White "Ordekalog"]
[Black "Filgueira, Hernan"]
[BlackFideId "101770"]
[WhiteElo "2701"]
[BlackElo "2283"]
[Result "0-1"]
[Round "05"]
[TimeControl "180+2"]
[Date "2023.01.03"]
[WhiteClock "0:00:01"]
[BlackClock "0:00:10"]

1. d4 d5 2. c4 e6 3. Nc3 c6 4. e4 Bb4 5. Bd3 Ne7 6. Ne2 c5 7. a3 Bxc3+ 8. bxc3 cxd4 9. cxd4 Nbc6 10. O-O O-O 11. Bb2 b6 12. Re1 Ba6 13. Rc1 dxc4 14. Bxc4 Bxc4 15. Rxc4 Na5 16. Rc3 Qd7 17. Rg3 Nc4 18. Ba1 Rfc8 19. Nf4 Rc7 20. d5 Ng6 21. Bxg7 Kxg7 22. Nh5+ Kh8 23. f4 e5 24. f5 Qe7 25. fxg6 fxg6 26. Rd3 Qc5+ 27. Kh1 gxh5 28. d6 Rd7 29. Rd5 Qf2 30. Rf1 Qh4 31. Qf3 Rg8 32. g3 Qg5 33. h4 Qg6 0-1


[Site "https://www.chess.com"]

[Event "Titled Tuesday Blitz January 03 Early 2023"]
[White "Renjith, Sravan"]
[Black "Aradhya, Garg"]
[WhiteFideId "4306783"]
[BlackFideId "25006746"]
[WhiteElo "2172"]
[BlackElo "2284"]
[Result "1/2-1/2"]
[Round "05"]
[TimeControl "180+2"]
[Date "2023.01.03"]
[WhiteClock "0:00:05"]
[BlackClock "0:00:14"]

1. d4 d5 2. Nf3 Nf6 3. Bf4 Bf5 4. e3 e6 5. c4 Bxb1 6. Rxb1 Bb4+ 7. Ke2 dxc4 8. Qa4+ Nc6 9. Ne5 Nd5 10. Nxc6 Qd7 11. a3 Bd6 12. Bxd6 cxd6 13. Qxc4 Rc8 14. f3 Rxc6 15. Qd3 O-O 16. Kf2 Rfc8 17. Be2 Rc2 18. g3 Qa4 19. e4 Ne7 20. Rhd1 d5 21. Rd2 dxe4 22. fxe4 Rxd2 23. Qxd2 Rd8 24. Rd1 Nc6 25. d5 Qxe4 26. dxc6 Rxd2 27. Rxd2 Qf5+ 28. Ke1 Qa5 29. cxb7 Qb6 30. Bf3 g6 31. Rd3 Kg7 32. Ke2 Qxb2+ 33. Ke3 Qb6+ 34. Kd2 Qb2+ 35. Kd1 Qb1+ 36. Kd2 Qb2+ 37. Kd1 Qb1+ 38. Kd2 Qb6 39. Kc2 Qf2+ 40. Kb3 Qb6+ 41. Ka2 Qf2+ 42. Kb1 Qb6+ 43. Kc2 Qf2+ 44. Kb3 Qb6+ 45. Kc2 1/2-1/2


[Site "https://www.chess.com"]

[Event "Titled Tuesday Blitz January 03 Early 2023"]
[White "Yaran, Siar"]
[Black "Dragnev, Valentin"]
[WhiteFideId "6323006"]
[BlackFideId "1634852"]
[WhiteElo "2288"]
[BlackElo "2593"]
[Result "0-1"]
[Round "05"]
[TimeControl "180+2"]
[Date "2023.01.03"]
[WhiteClock "0:00:01"]
[BlackClock "0:00:09"]

1. d4 Nf6 2. c4 e6 3. Nc3 d5 4. Bg5 Nbd7 5. Nf3 h6 6. Bh4 c6 7. e3 Be7 8. Qc2 O-O 9. Rd1 a6 10. cxd5 exd5 11. Bd3 Re8 12. O-O Ne4 13. Bg3 Nxg3 14. hxg3 Bd6 15. e4 dxe4 16. Nxe4 Nf6 17. Nxd6 Qxd6 18. Ne5 Be6 19. Rfe1 Rad8 20. a3 Bd5 21. Qd2 Bb3 22. Bc2 Bxc2 23. Qxc2 Qd5 24. Rd3 Re6 25. Red1 Rde8 26. Rc3 Ne4 27. Re3 Nd6 28. Qb3 f6 29. Ng4 Qxb3 30. Rxb3 Re1+ 31. Rxe1 Rxe1+ 32. Kh2 Re4 33. Ne3 Rxd4 34. Kg1 Kf7 35. Kf1 Ke6 36. Ke2 Kd7 37. g4 Kc7 38. Rc3 Ne4 39. Rc2 Nd6 40. Kf3 Rd3 41. Kf4 Rd4+ 42. Kf3 Kd7 43. Re2 Nf7 44. Nf5 Ne5+ 45. Rxe5 fxe5 46. Nxd4 exd4 47. Ke4 c5 48. f4 a5 49. a4 b6 50. b3 Ke6 51. g3 Kf6 52. Kd3 Ke6 53. Ke4 Kd6 54. Kd3 Kd5 0-1


[Site "https://www.chess.com"]

[Event "Titled Tuesday Blitz January 03 Early 2023"]
[White "Arias, Juan Cruz"]
[Black "Arabidze, Meri"]
[WhiteFideId "118540"]
[BlackFideId "13604040"]
[WhiteElo "2320"]
[BlackElo "2441"]
[Result "1-0"]
[Round "05"]
[TimeControl "180+2"]
[Date "2023.01.03"]
[WhiteClock "0:00:12"]
[BlackClock "0:00:03"]

1. d4 f5 2. Nf3 Nf6 3. e3 e6 4. Bd3 b6 5. O-O Bb7 6. Qe2 Be7 7. Nbd2 O-O 8. e4 fxe4 9. Nxe4 Nxe4 10. Bxe4 Bxe4 11. Qxe4 Nc6 12. d5 exd5 13. Qxd5+ Kh8 14. Rd1 Nb4 15. Qb3 Bc5 16. c3 Nc6 17. Qd5 Qf6 18. Bg5 Qg6 19. Qxd7 h6 20. Rd5 hxg5 21. Rxg5 Qh6 22. Rg3 Rad8 23. Qg4 Kg8 24. Qc4+ Rf7 25. Ng5 Bxf2+ 26. Kf1 Bxg3+ 27. Qxf7+ Kh8 28. Qf5 Ne5 29. hxg3 Qh1+ 30. Kf2 Ng4+ 31. Qxg4 Qxa1 32. Qh5+ Kg8 33. Qh7+ Kf8 34. Qf5+ Kg8 35. Qh7+ Kf8 36. Qh8+ Ke7 37. Qxg7+ Kd6 38. Qf6+ Kc5 39. Qxd8 Qxb2+ 40. Kf3 Qxc3+ 41. Kf4 Qc4+ 42. Ne4+ Kb4 43. Qd2+ Ka3 44. Qc3+ Qxc3 45. Nxc3 Kb2 46. g4 Kxc3 47. g5 c5 48. g6 1-0


[Site "https://www.chess.com"]

[Event "Titled Tuesday Blitz January 03 Early 2023"]
[White "Klukin, Kirill"]
[Black "Janaszak, Dawid"]
[WhiteFideId "24199273"]
[BlackFideId "1119206"]
[WhiteElo "2390"]
[BlackElo "2316"]
[Result "0-1"]
[Round "05"]
[TimeControl "180+2"]
[Date "2023.01.03"]
[WhiteClock "0:00:51"]
[BlackClock "0:00:47"]

1. c4 e6 2. Nf3 d5 3. e3 Nf6 4. b3 Be7 5. Bb2 O-O 6. Nc3 c5 7. cxd5 exd5 8. d3 Nc6 9. Be2 d4 10. exd4 cxd4 11. Nb1 Qa5+ 12. Nbd2 Nd5 13. O-O Nc3 14. Bxc3 dxc3 15. Nc4 Qf5 16. Rc1 Bf6 17. Nd6 Qa5 18. Ne4 Be7 19. Nxc3 Rd8 20. Nd2 Nd4 21. Nc4 Qg5 22. Ne4 Qxc1 23. Bh5 Qxd1 24. Bxd1 Be6 25. Re1 Bb4 26. Re3 Bxc4 27. bxc4 Re8 28. Ba4 Re6 29. g4 f5 30. gxf5 Nxf5 31. Rh3 Nd6 32. Bd7 Rh6 33. Re3 Nxe4 34. Rxe4 Rf8 35. d4 Rhf6 36. Re2 Bc3 0-1


[Site "https://www.chess.com"]

[Event "Titled Tuesday Blitz January 03 Early 2023"]
[White "Williams, Simon K"]
[Black "Padmini, Rout"]
[WhiteFideId "404454"]
[BlackFideId "5029295"]
[WhiteElo "2465"]
[BlackElo "2375"]
[Result "1-0"]
[Round "05"]
[TimeControl "180+2"]
[Date "2023.01.03"]
[WhiteClock "0:00:21"]
[BlackClock "0:00:14"]

1. d4 Nf6 2. c4 g6 3. h4 Bg7 4. Nc3 d6 5. e4 Nc6 6. d5 Ne5 7. Be2 h5 8. Nf3 Nxf3+ 9. gxf3 c5 10. Bf4 Nd7 11. Qd2 a6 12. a4 Qa5 13. Ra3 Ne5 14. Nd1 Qxd2+ 15. Bxd2 O-O 16. Bc3 b6 17. Ne3 Nd7 18. Bxg7 Kxg7 19. f4 Kf6 20. Rg1 Rd8 21. Rg5 e5 22. f5 Nf8 23. fxg6 fxg6 24. Kd2 Bd7 25. Ra1 Rab8 26. f4 exf4 27. Ng2 Be8 28. Nxf4 Nh7 29. Rg2 Nf8 30. Rf1 Ke7 31. Nd3 Bxa4 32. e5 Be8 33. e6 b5 34. b3 bxc4 35. bxc4 Rb7 36. Rgf2 Rdb8 37. Rxf8 1-0


[Site "https://www.chess.com"]

[Event "Titled Tuesday Blitz January 03 Early 2023"]
[White "Mendez Fortes, Eduardo Jesus"]
[Black "Sychev, Klementy"]
[WhiteFideId "3502376"]
[BlackFideId "4114060"]
[WhiteElo "2250"]
[BlackElo "2547"]
[Result "0-1"]
[Round "05"]
[TimeControl "180+2"]
[Date "2023.01.03"]
[WhiteClock "0:00:08"]
[BlackClock "0:00:44"]

1. e4 e5 2. Nf3 Nc6 3. Bb5 a6 4. Ba4 b5 5. Bb3 Na5 6. O-O d6 7. c3 Nxb3 8. axb3 Nf6 9. Re1 Bb7 10. d3 Be7 11. b4 O-O 12. Nbd2 Nd7 13. Nb3 Rb8 14. Na5 Ba8 15. b3 f5 16. Nd2 Qe8 17. Qe2 Qg6 18. f3 Nf6 19. Nf1 Nh5 20. Qf2 Rbe8 21. Ra2 fxe4 22. dxe4 d5 23. exd5 Bxd5 24. Kh1 e4 25. f4 Bd6 26. Qd4 Ba8 27. Rf2 Nxf4 28. Ne3 Nd3 29. Rxf8+ Rxf8 30. Bd2 Nxe1 31. Bxe1 Qh6 32. h3 Qf4 33. Ng4 Qf1+ 34. Qg1 h5 35. Ne3 Qe2 36. c4 Bf4 37. Nf1 e3 38. Nh2 Bxg2+ 39. Qxg2 Qxe1+ 0-1


[Site "https://www.chess.com"]

[Event "Titled Tuesday Blitz January 03 Early 2023"]
[White "Salimova, Nurgyul"]
[Black "Diaz Villagran, Robert"]
[WhiteFideId "2915138"]
[BlackFideId "3404056"]
[WhiteElo "2391"]
[BlackElo "2315"]
[Result "1-0"]
[Round "05"]
[TimeControl "180+2"]
[Date "2023.01.03"]
[WhiteClock "0:00:13"]
[BlackClock "0:00:36"]

1. e4 e6 2. d4 d5 3. Nc3 Bb4 4. e5 Ne7 5. a3 Bxc3+ 6. bxc3 c5 7. Qg4 Kf8 8. a4 Qa5 9. Bd2 Qc7 10. Nf3 Nbc6 11. Bd3 h6 12. h4 c4 13. Be2 b6 14. h5 Bd7 15. Qf4 Ke8 16. g4 Rf8 17. g5 Nf5 18. Nh4 Nce7 19. gxh6 Nxh6 20. Rg1 Rg8 21. Bc1 Nef5 22. Nxf5 Nxf5 23. Bg4 g6 24. Bxf5 exf5 25. e6 Qxf4 26. exd7+ Kxd7 27. Bxf4 gxh5 28. Rxg8 Rxg8 29. Ke2 Rg4 30. Kf3 Ke6 31. Re1+ Kf6 32. Re5 h4 33. Rxd5 h3 34. Rd6+ Kg7 35. Be5+ Kh7 36. Rd8 f6 37. Bg3 Kg6 38. Rg8+ Kh5 39. Rh8+ Kg6 40. Rxh3 Re4 41. Rh1 a6 42. Rb1 Re6 43. d5 Re4 44. Rxb6 a5 45. Re6 Rg4 46. d6 Kf7 47. Re7+ Kf8 48. Re2 Rg7 49. Bf4 Rb7 50. Rd2 Rd7 51. Rd4 Kf7 52. Rxc4 Ke6 53. Rd4 Rd8 54. c4 Rc8 55. d7 Rd8 56. c5 Rxd7 57. Rxd7 Kxd7 58. Ke3 Kc6 59. Kd4 Kd7 60. Kd5 Ke7 61. Bd2 Kf7 62. Bxa5 Kg6 63. Bd2 Kh5 64. c6 Kg4 65. c7 Kf3 66. c8=Q f4 67. Qf5 Kxf2 68. Qxf4+ Ke2 69. Qxf6 Kd1 70. c4 Kc2 71. c5 Kd1 72. c6 Ke2 73. c7 Kd1 74. c8=Q Ke2 75. Qce6+ Kd1 76. Qf1+ Kc2 77. Qc6+ Kb2 78. Qcc1+ Kb3 79. Qfc4# 1-0


[Site "https://www.chess.com"]

[Event "Titled Tuesday Blitz January 03 Early 2023"]
[White "Bilan, Danila"]
[Black "Agasarov, Benik"]
[WhiteFideId "24161918"]
[BlackFideId "13314823"]
[WhiteElo "2303"]
[BlackElo "2235"]
[Result "0-1"]
[Round "05"]
[TimeControl "180+2"]
[Date "2023.01.03"]
[WhiteClock "0:00:16"]
[BlackClock "0:01:17"]

1. d4 d5 2. Nf3 Nf6 3. c4 e6 4. Nc3 Bb4 5. Qb3 c5 6. e3 Nc6 7. a3 Bxc3+ 8. bxc3 O-O 9. Bd3 Na5 10. Qa2 dxc4 11. Bxc4 Nxc4 12. Qxc4 cxd4 13. cxd4 Bd7 14. Ne5 Rc8 15. Qb3 Qa5+ 16. Bd2 Qb5 17. Rb1 Qxb3 18. Rxb3 b6 19. Nxd7 Nxd7 20. Bb4 Rc1+ 21. Kd2 Rxh1 22. Bxf8 Kxf8 23. h3 Rh2 24. Ke2 Rxg2 25. Rc3 Rg1 26. Rc7 Ke7 27. Rxa7 Ra1 28. a4 f5 29. Kd3 g5 30. f3 Rh1 31. e4 Rxh3 32. Ke2 g4 33. fxg4 fxg4 34. Ra8 h5 35. Rh8 Nf6 36. e5 Nd5 37. Rh7+ Kd8 38. Rh8+ Kc7 39. Rh6 g3 40. Kf3 Kd7 41. Rh7+ Kd8 42. Rh6 h4 43. Rxe6 g2+ 44. Kxg2 Nf4+ 0-1


[Site "https://www.chess.com"]

[Event "Titled Tuesday Blitz January 03 Early 2023"]
[White "Tatarinov, Dmitry"]
[Black "Bazarov, Konstantin"]
[WhiteFideId "24160067"]
[BlackFideId "4137000"]
[WhiteElo "2310"]
[BlackElo "2235"]
[Result "1-0"]
[Round "05"]
[TimeControl "180+2"]
[Date "2023.01.03"]
[WhiteClock "0:00:22"]
[BlackClock "0:00:18"]

1. d4 Nf6 2. c4 b6 3. Nf3 Bb7 4. a3 e6 5. Bg5 Be7 6. Nc3 Ne4 7. Bxe7 Qxe7 8. Rc1 O-O 9. e3 f5 10. Nxe4 fxe4 11. Nd2 Qf6 12. Qe2 d6 13. g3 Nd7 14. Bg2 Qg6 15. O-O Nf6 16. b4 h5 17. f3 exf3 18. Nxf3 Qh6 19. Rce1 Rae8 20. h4 Ne4 21. Kh2 Qg6 22. Ng5 Nxg5 23. Bxb7 Ne4 24. Qg2 Nf6 25. Bf3 e5 26. Qd2 Re7 27. Kg2 Rfe8 28. Bc6 Rf8 29. Rf3 Qg4 30. Ref1 Qg6 31. c5 Rd8 32. cxb6 cxb6 33. a4 e4 34. Rf5 d5 35. Rg5 Qf7 36. b5 Qe6 37. Rg6 Qf7 38. Rfxf6 Qxf6 39. Rxf6 gxf6 40. Qe2 Rh7 41. Qf2 Kf7 42. Qf5 Rg7 43. Bxd5+ Ke7 44. Qe6+ Kf8 45. Qxf6+ 1-0


[Site "https://www.chess.com"]

[Event "Titled Tuesday Blitz January 03 Early 2023"]
[White "Leiva, Gianmarco"]
[Black "Walentukiewicz, Michal"]
[WhiteFideId "3804399"]
[BlackFideId "1126903"]
[WhiteElo "2392"]
[BlackElo "2060"]
[Result "1-0"]
[Round "05"]
[TimeControl "180+2"]
[Date "2023.01.03"]
[WhiteClock "0:02:14"]
[BlackClock "0:02:40"]

1. e4 g6 2. d4 Bg7 3. c3 d6 4. Nf3 Nf6 5. Bd3 O-O 6. O-O c5 7. h3 cxd4 8. cxd4 Nc6 9. Nc3 a6 10. Re1 b5 11. Be3 Bb7 12. Rc1 Rc8 13. Qd2 Qd7 14. Bh6 Rfd8 15. Bxg7 Kxg7 16. Ne2 d5 17. e5 Ne4 18. Qe3 e6 19. Nh2 Qe7 20. f3 Qg5 21. Qxg5 Nxg5 22. h4 Nb4 23. Bb1 1-0


[Site "https://www.chess.com"]